 Dungeon Crawl Stone Soup version 0.26.0-10-g1f06aea511 (webtiles) character file.

Game seed: 3033129525929936428

41 Borgoz the Ducker (level 3, -1/30 HPs)
             Began as a Ghoul Gladiator on Jan 15, 2021.
             Slain by a gnoll
             ... wielding a +0 flail
              (4 damage)
             ... on level 2 of the Dungeon.
             The game lasted 00:01:21 (1229 turns).

Borgoz the Ducker (Ghoul Gladiator)                 Turns: 1229, Time: 00:01:22

Health: -1/30      AC:  6    Str: 17    XL:     3   Next: 52%
Magic:  2/2        EV: 12    Int: -1    God:
Gold:   78         SH:  0    Dex: 11    Spells: 2/2 levels left

rFire    . . .     SeeInvis .   a - +0 long sword
rCold    + . .     Faith    .   (no shield)
rNeg     + + +     Spirit   .   b - +0 leather armour
rPois    ∞         Reflect  .   c - +0 helmet
rElec    .         Harm     .   h - +0 cloak
rCorr    .         Rampage  .   (no gloves)
Will     .....                  e - +0 pair of boots
Stlth    +.........             (no amulet)
HPRegen  0.00/turn              g - -4 ring of intelligence (curse)
MPRegen  0.08/turn              (no ring)

@: slowed, lost intelligence, very slow
A: claws 1, cold resistance 1, negative energy resistance 3, inhibited
regeneration, torment resistance, unbreathing
a: no special abilities


You were on level 2 of the Dungeon.
You visited 1 branch of the dungeon, and saw 2 of its levels.

You collected 78 gold pieces.

Inventory:

Hand Weapons
 a - a +0 long sword (weapon)
Missiles
 d - 3 throwing nets (quivered)
Armour
 b - a +0 leather armour (worn)
 c - a +0 helmet (worn)
 e - a +0 pair of boots (worn)
 h - a +0 cloak (worn)
Jewellery
 g - a cursed -4 ring of intelligence (left claw)
Scrolls
 k - a scroll of amnesia {unknown}
 l - a scroll of identify {unknown}
 n - a scroll of noise {unknown}
 p - 2 scrolls of blinking {unknown}
Potions
 f - a potion of attraction {unknown}
 i - a potion of mutation {unknown}
 j - a potion of experience {unknown}
 m - 2 potions of might {unknown}
 o - a potion of heal wounds {unknown}


   Skills:
 + Level 2.5 Fighting
 * Level 3.2 Long Blades
 - Level 1.7 Throwing
 + Level 0.9 Armour
 * Level 3.2 Dodging


You had 2 spell levels left.
You didn't know any spells.
Your spell library was empty.

Dungeon Overview and Level Annotations

Branches:
Dungeon (2/15)

Altars:
Fedhas


Innate Abilities, Weirdness & Mutations

You thrive by killing the living.
You are immune to poison.
You have sharp fingernails.
Your flesh is cold resistant. (rC+)
You are immune to negative energy. (rN+++)
You do not regenerate when monsters are visible.
You are immune to unholy pain and torment.
You can survive without breathing.


Message History

The gnoll hits you with a +0 club.
A gnoll comes into view. It is wielding a +0 flail.
You barely miss the gnoll.
The gnoll shouts!
The gnoll barely misses you. The gnoll hits you but does no damage.
The gnoll closely misses you. The gnoll barely misses you.
The gnoll hits you but does no damage. x2
You barely miss the gnoll. The gnoll closely misses you. The gnoll misses you.
The gnoll hits you but does no damage.
You hit the gnoll.
The gnoll is lightly wounded.
The gnoll hits you with a cursed -3 club.
The gnoll hits you with a +0 flail!
* * * LOW HITPOINT WARNING * * *
The gnoll barely misses you.
You riposte.
You slash the gnoll!
The gnoll is severely wounded.
The gnoll barely misses you. The gnoll hits you with a +0 club.
* * * LOW HITPOINT WARNING * * *
The gnoll hits you with a +0 flail.
You die...

# #.# #.#.# #..
..# #### ## ###
#.. #.# .#
#.#####.... ###
#####..@gg.....
>.##
#......gg##....
##.#
#.###.#..##. #
.#.#
#.#..........
.#.#
#.#.#.#.####..
..## ##.#.#.#.#
.## #....#.#.#
.# #<.........
.# #.##.######


You could see 4 gnolls.

Vanquished Creatures
  A worm (D:2)
  3 dart slugs
  A leopard gecko (D:1)
  4 bats (D:1)
  3 giant cockroaches (D:1)
  4 goblins (D:1)
  3 hobgoblins (D:1)
  3 kobolds (D:1)
  3 frilled lizards
  5 rats
30 creatures vanquished.

Notes
Turn   | Place    | Note
-------+----------+-------------------------------------------
     0 | D:1      | Borgoz the Ghoul Gladiator began the quest for the Orb.
     0 | D:1      | Reached XP level 1. HP: 17/17 MP: 0/0
    59 | D:1      | Reached XP level 2. HP: 22/24 MP: 1/1
   279 | D:1      | Lost intelligence.
   350 | D:1      | Reached XP level 3. HP: 30/30 MP: 2/2
   777 | D:2      | Found a blossoming altar of Fedhas.
  1229 | D:2      | Slain by a gnoll

Illustrated notes

Levels and vault maps discovered:
D:1:      lightli_arrival_chessboard, layout_loops_cross
D:2:      layout_loops_corners, lemuel_round_altar

Skill      XL: |  1  2 |
---------------+-------+-----
Long Blades    | 3 |  3.2
Dodging        | 3 |  3.2
Fighting       | |  2.5
Throwing       | |  1.7
Armour         | |  0.9

Action                   || total
-------------------------++-------
Melee: Long sword        ||    65
 Stab: Sleeping          ||     1
Armor: Leather armour    ||    30
Dodge: Dodged            ||    59
       Rpst.: Long sword ||    18
